Unix NetHack Version 3.7.0-86 Work-in-progress - last build May 30 2023 11:53:40 (cc98dc9aa62a9957b082a042edf5bd7ec9f632c7,branch:master). Game began 2023-06-22 20:10:17, ended 2023-06-22 21:27:43. Serel, lawful male human Samurai --------- ------- |.......| ---- ......| --------- #%.....%.| |.).| # |...>.| |....!..|######|..`....| ....-#########......| |..(....|# ------|-- #|...| ## -----.- |.......|# # #....+ # |........# # #----- # |.......| # # # ---.----- # ## ## ## #### ### ## # ### #### # ## # -------.--- ### # ## ## # |.........| -@- # ##### # |.........| .$... --------.------## #### |.........| |...... |..............## #0 |.....%...| |........ |.............|# %##.......<..| ---------- |.............. |.........| |.............| ----------- --------------- Serel the Ninja St:17 Dx:16 Co:18 In:8 Wi:8 Ch:11 Lawful S:15638 Dlvl:10 $:420 HP:0(79) Pw:20(20) AC:6 Xp:8/2216 T:8406 Satiated Latest messages: The lynx hits again! The lynx bites! You hit the lynx! The lynx hits! The lynx hits again! The lynx bites! You kill the lynx! Something is written here in the dust. You read: "V|ad ?a? herc". The door actually was a giant mimic! You hit the giant mimic! You hit the giant mimic! You hit the giant mimic! You kill the giant mimic! There is a doorway here. You see here a giant mimic corpse. You hit the mumak! You hit the mumak! The mumak butts! The mumak bites! You miss the mumak. You miss the mumak. The mumak butts! The mumak bites! What do you want to wield? [- a-czDP or ?*] c c - a +0 yumi (weapon in hand). In what direction? The arrow hits the mumak. In what direction? You kill the mumak! D - an arrow (in quiver). There is a doorway here. You see here a giant mimic corpse. What do you want to wield? [- a-czDP or ?*] c You are already wielding that! You see here a large box. Hmmm, the large box turns out to be locked. Unlock it with your key? y You succeed in unlocking the box. You have a little trouble removing an oak wand. Continue? n What do you want to use or apply? [dflnpwzAG-JLSU or ?*] ? In what direction? > There is an unlocked large box containing 4 items here; lock it? y You succeed in locking the box. The freezing sphere explodes! Boom! You are caught in the freezing sphere's explosion! Your black potion freezes and shatters! The freezing sphere's explosion is fatal. Do you want your possessions identified? q Inventory: Coins ('$') $ - 420 gold pieces Weapons (')') D - a +0 arrow (in quiver) P - 2 +0 ya c - a +0 yumi (weapon in hand) a - a +0 katana b - a +0 wakizashi Armor ('[') R - a blessed +0 orcish helm (being worn) W - an uncursed +1 pair of gauntlets of dexterity (being worn) h - an uncursed rusty +0 pair of iron shoes (being worn) s - an uncursed +0 oilskin cloak Comestibles ('%') K - an uncursed gunyoki T - an uncursed lembas wafer B - 2 uncursed pancakes r - an uncursed tripe ration Scrolls ('?') X - an uncursed scroll of amnesia y - a cursed scroll of amnesia F - a blessed scroll of confuse monster u - an uncursed scroll of create monster V - an uncursed scroll of destroy armor Y - a cursed scroll of enchant weapon g - an uncursed scroll of food detection E - an uncursed scroll of gold detection M - an uncursed scroll of identify N - 2 cursed scrolls of identify Z - an uncursed scroll of magic mapping m - an uncursed scroll of teleportation C - a cursed scroll of teleportation Rings ('=') k - a cursed -1 ring of gain strength O - an uncursed ring of regeneration Wands ('/') d - a wand of cold (0:7) l - a wand of digging (0:5) S - a wand of digging (0:5) A - a wand of magic missile (0:3) H - a wand of magic missile (0:0) I - a wand of magic missile (0:0) w - a wand of make invisible (0:6) G - a wand of sleep (0:5) L - a wand of slow monster (0:6) f - a wand of undead turning (0:3) Tools ('(') U - an uncursed unlocked large box containing 3 items J - an uncursed bugle n - an uncursed tooled horn z - a +0 pick-axe p - a cursed skeleton key Gems/Stones ('*') t - an uncursed opal x - 2 uncursed worthless pieces of black glass q - 2 uncursed worthless pieces of violet glass v - an uncursed worthless piece of yellowish brown glass Contents of the large box: a cursed amulet of strangulation 2 uncursed worthless pieces of red glass an uncursed amber stone Serel the Samurai's attributes: Background: You were a Ninja, a level 8 male human Samurai. You were lawful, on a mission for Amaterasu Omikami who was opposed by Raijin (neutral) and Susanowo (chaotic). You were in the Dungeons of Doom, on level 10. You entered the dungeon 8406 turns ago. You had 2216 experience points, 344 more were needed to attain level 9. Your score was 15638 before end-of-game adjustments. Basics: You had 0 out of 79 hit points. You had all 20 energy points (spell power). Your armor class was 6. Your wallet contained 420 zorkmids. Autopickup was off. Final Characteristics: Your strength was 17 (limit:18/100). Your dexterity was 16 (base:15, limit:18). Your constitution was 18 (limit:18). Your intelligence was 8 (limit:18). Your wisdom was 8 (limit:18). Your charisma was 11 (limit:18). Final Status: You were satiated. You were unencumbered. You were wielding a bow. You were skilled in bow. Final Attributes: You were piously aligned. You were poison resistant. You were telepathic. You were fast. You are dead. Miscellaneous: You encountered 1 bones level. Total elapsed playing time was 1 hour, 10 minutes and 9 seconds. Major events: Turn 1: Serel the lawful male human Samurai entered the dungeon 243: entered the Gnomish Mines 337: attained the rank of Ronin (level 3) 1318: attained the rank of Ninja (level 6) 8301: entered the Bigroom 8406: killed by a freezing sphere's explosion Vanquished creatures: a baby yellow dragon a giant mimic 2 small mimics a warhorse a freezing sphere a dwarf ruler 3 cockatrices 2 winter wolf cubs a lynx 6 orc-captains a mumak 2 giant spiders 2 scorpions a horse a gnome ruler an owlbear a yeti a gold golem 6 lizards a dwarf leader 3 gnome mummies an ape a rope golem a bugbear a mountain nymph 4 Mordor orcs 8 Uruk-hai 7 orc shamans 2 ponies a fog cloud a yellow light 2 shriekers 13 gnome leaders a gnomish wizard 2 gray oozes a ghoul a straw golem 6 giant ants 2 little dogs a floating eye 3 dwarves a homunculus 2 kobold shamans 18 hill orcs 4 rothes a centipede a giant bat a wererat 2 werejackals 4 iguanas 2 coyotes a gas spore a hobbit a large kobold 4 giant rats a cave spider a brown mold a yellow mold a green mold 50 gnomes 5 garter snakes 6 geckos 2 jackals a fox a kobold 2 goblins 4 grid bugs 5 lichens 5 newts 226 creatures vanquished. No species were genocided or became extinct. Voluntary challenges: You read items or engraved 12 times. You engraved Elbereth 6 times. You never genocided any monsters. You never polymorphed an object. You used no wishes. Achievements: You entered the Gnomish Mines. You attained the rank of Ronin. You attained the rank of Ninja. You entered a shop. You entered the Big Room. The Dungeons of Doom: levels 1 to 11 Level 1: Level 2: "Vt" A general store. Stairs down to The Gnomish Mines. Level 3: A potion shop. Level 4: An armor shop, a fountain. Level 5: A fountain. Level 6: A fountain, a grave. Level 7: Level 8: A fountain. Level 9: A fountain. Level 10: <- You were here. Final resting place for you, killed by a freezing sphere's explosion. Level 11: A very big room. The Gnomish Mines: levels 3 to 9 Level 3: Level 4: Level 5: An altar to Amaterasu Omikami, some fountains. Level 6: Final resting place for Superfly-Wiz-Hum-Mal-Cha, killed by a gnome mummy. Level 7: Level 8: Level 9: Game over: ---------- / \ / REST \ / IN \ / PEACE \ / \ | Serel | | 420 Au | | killed by a | | freezing | | sphere's | | explosion | | 2023 | *| * * * | * _________)/\\_//(\/(/\)/\//\/|_)_______ Sayonara Serel the Samurai... You died in The Dungeons of Doom on dungeon level 10 with 15596 points, and 420 pieces of gold, after 8406 moves. You were level 8 with a maximum of 79 hit points when you died.